 Dungeon Crawl Stone Soup version 0.26.1-2-gb8aa6d0cf2 (webtiles) character file.

Game seed: 8050683385357551942

55919 Amaterasu the Carver (level 14, -14/120 HPs)
             Began as a Demonspawn Fighter on Feb 16, 2021.
             Was the Champion of Makhleb.
             Demolished by a very large slime creature (39 damage)
             ... on level 13 of the Dungeon.
             The game lasted 00:28:59 (22374 turns).

Amaterasu the Carver (Demonspawn Fighter)          Turns: 22374, Time: 00:28:59

Health: -14/120    AC: 20    Str: 23    XL:     14   Next: 40%
Magic:  0/18       EV: 16    Int: 11    God:    Makhleb [******]
Gold:   1090       SH: 13    Dex: 21    Spells: 13/13 levels left

rFire    + + .     SeeInvis .   m - +3 scimitar (flame)
rCold    . . .     Faith    .   c - +1 kite shield
rNeg     . . .     Spirit   +   s - +0 chain mail {rF+}
rPois    .         Reflect  .   (helmet restricted)
rElec    +         Harm     .   f - +0 cloak
rCorr    .         Rampage  .   a - +2 pair of gloves {Str+3}
Will     +....     Clarity  +   B - +0 pair of boots
Stlth    ..........             L - amulet of magic regeneration
HPRegen  0.30/turn              J - +4 ring of evasion
MPRegen  0.57/turn              l - +6 ring of dexterity

@: no status effects
A: antennae 2, rugged brown scales 2, agile 1, clarity, fire resistance 1,
shaggy fur 1, electricity resistance, magic shield, magic regeneration, magic
link
a: Renounce Religion, Minor Destruction, Lesser Servant of Makhleb, Major
Destruction, Greater Servant of Makhleb


You were on level 13 of the Dungeon.
You worshipped Makhleb.
Makhleb was exalted by your worship.
You visited 2 branches of the dungeon, and saw 19 of its levels.
You also visited: Sewer.

You collected 1090 gold pieces.

Inventory:

Hand Weapons
 m - a +3 scimitar of flaming (weapon)
Armour
 a - a +2 pair of gloves of strength (worn)
 c - a +1 kite shield (worn)
 f - a +0 cloak (worn)
 s - a +0 chain mail of fire resistance (worn)
 B - a +0 pair of boots (worn)
Jewellery
 j - an uncursed ring of protection from cold
 k - an uncursed ring of positive energy
 l - a +6 ring of dexterity (right hand)
 r - a +6 ring of intelligence
 w - an uncursed amulet of the acrobat
 D - a +6 ring of strength
 J - a +4 ring of evasion (left hand)
 L - an amulet of magic regeneration (around neck)
Wands
 b - a wand of acid (12)
 z - a wand of paralysis (13)
 A - a wand of random effects (44)
 C - a wand of polymorph (11)
 F - a wand of flame (47)
 H - a wand of disintegration (12)
 M - a wand of digging (11)
 N - a wand of enslavement (9)
Scrolls
 e - 8 scrolls of remove curse
 g - 4 scrolls of identify
 h - 9 scrolls of teleportation
 i - a scroll of enchant armour
 n - 3 scrolls of enchant weapon
 y - 4 scrolls of amnesia
 E - 2 scrolls of fog
 K - a scroll of magic mapping
Potions
 d - 4 potions of flight
 p - 3 potions of mutation
 q - 9 potions of curing
 t - a potion of resistance
 u - a potion of berserk rage
 v - 4 potions of magic
 x - 7 potions of ambrosia
 G - 2 potions of lignification
 O - a potion of haste
 P - 2 potions of cancellation
 Q - a potion of heal wounds
Miscellaneous
 o - a phial of floods
 I - a phantom mirror


   Skills:
 * Level 12.3 Fighting
 * Level 14.1 Long Blades
 * Level 8.2 Armour
 * Level 7.2 Dodging
 * Level 8.4 Shields
 * Level 6.5 Invocations
 * Level 6.2 Evocations


You had 13 spell levels left.
You didn't know any spells.
Your spell library contained the following spells:

 Spells                   Type           Power        Failure   Level
 Magic Dart               Conj           0%           99%         1
 Blink                    Tloc           N/A          100%        2
 Call Imp                 Summ           0%           100%        2
 Passwall                 Tmut/Erth      0%           100%        2
 Slow                     Hex            0%           100%        2
 Swiftness                Air            0%           100%        2
 Conjure Flame            Conj/Fire      0%           100%        3
 Mephitic Cloud           Conj/Pois/Air  0%           100%        3
 Passage of Golubria      Tloc           N/A          100%        4
 Lee's Rapid Deconstruct  Erth           0%           100%        5
 Invisibility             Hex            0%           100%        6


Dungeon Overview and Level Annotations

Branches:
Dungeon (13/15)            Temple (0/1) D:5            Lair (6/6) D:8
  Swamp (0/4) Lair:3        Snake (0/4) Lair:4        Slime (0/5) Lair:5
    Orc (0/2) D:12          Sewer (visited)
 Vaults: D:13-14

Altars:
Dithmenos
Gozag
Makhleb
Nemelex Xobeh
Ru
Trog
Uskayaw
Xom
The Shining One

Annotations:
Lair:4 exclusion: ice statue


Innate Abilities, Weirdness & Mutations

You have a pair of antennae on your head.
You are mostly covered in rugged brown scales. (AC +2, +5% HP)
Your flesh is heat resistant. (rF+)
When hurt, damage is shared between your health and your magic reserves.
You regenerate magic rapidly.
When low on magic, you restore magic in place of health.
You are agile. (Dex +2)
You possess an exceptional clarity of mind.
You are covered in fur. (AC +1)
You are resistant to electric shocks. (rElec)


Message History

You are too injured to fight recklessly!
You are too injured to fight recklessly!
You are too injured to fight recklessly!
You slash the very large slime creature!
You burn the very large slime creature.
The very large slime creature is moderately wounded.
You hit the very large slime creature. You burn the very large slime creature.
The very large slime creature is moderately wounded.
The very large slime creature misses you.
You slash the very large slime creature!
You burn the very large slime creature.
The very large slime creature is moderately wounded.
The very large slime creature hits you!!!
* * * LOW HITPOINT WARNING * * *
A cyclops comes into view.
You slash the very large slime creature!
You burn the very large slime creature.
The very large slime creature is heavily wounded.
The very large slime creature hits you!!!
You die...

*,,,,* *....(#(#..S..#* ****,****
*..........{..#* *,,,,*
*.......{.(...# *** #*+****####
**,,,**#.#..#** ,,* #.,,,,*{..#
##+#####....# *,* #.#**,*,#{#
#........####***
*,***...*,,,#.####.....C.+.{T....
***,+,#.#####.'.##.......########
,,*,*,#.......#.@J.......#
*,,,**###'########.......# ,,***
#.## #.......# *** #..# ###.....#
##.# #####.#**** #.# *,,,,...*,*
#.# *,***##.#,* ** ####'##
*,*,,,*..,**** ,* #...(.#***
*,*,*,***,+,*,


You could see a very large slime creature and a cyclops.

Vanquished Creatures
  An ice dragon (Lair:4)
  A boulder beetle (Lair:5)
  4 hydras
  Erica (D:9)
  2 catoblepae (Lair:6)
  A two-headed ogre (D:12)
  A dancing weapon (D:13)
  4 death yaks (Lair:5)
  An unseen horror (D:11)
  A lindwurm (Lair:5)
  A bog body (Lair:3)
  A necromancer (Lair:3)
  Pikel (D:6)
  A cyclops (D:11)
  A deep elf mage (D:12)
  An ugly thing (D:12)
  9 elephants (Lair:5)
  3 black mambas
  22 cane toads
  A gargoyle (D:11)
  4 rime drakes
  A centaur skeleton (D:11)
  8 komodo dragons
  A queen bee (Lair:3)
  4 trolls
  7 polar bears
  Grinder (D:5)
  Prince Ribbit (D:8)
  5 tyrant leeches (Lair:6)
  3 hornets
  13 dream sheep
  21 blink frogs
  39 yaks
  A wyvern (Lair:5)
  A shadow (D:12)
  A water elemental (D:11)
  3 basilisks
  Grum (D:8)
  Eustachio (D:4)
  6 vampire mosquitoes (Lair:6)
  Menkaure (D:4)
  A naga (Lair:4)
  2 soldier ants
  12 water moccasins
  Duvessa (D:4)
  6 ice beasts
  7 orc warriors
  4 sky beasts
  3 phantoms
  3 wolves (D:8)
  2 ogres
  4 centaurs (D:11)
  2 big kobolds
  Blork the orc (D:5)
  22 bullfrogs
  A gnoll sergeant (D:6)
  Dowan (D:4)
  5 scorpions
  A water moccasin skeleton (D:4)
  34 killer bees
  3 wights (D:7)
  7 electric eels
  7 howler monkeys
  2 bullfrog zombies
  2 jellies
  11 orc wizards
  2 bullfrog skeletons
  9 orc priests
  7 hounds
  Jessica (D:2)
  3 iguanas
  Natasha (D:3)
  14 hell rats
  9 worker ants
  4 yak simulacra (Lair:3)
  3 polar bear simulacra (Lair:3)
  A wolf simulacrum (Lair:3)
  3 hound skeletons
  2 worker ant zombies (D:9)
  5 gnolls (D:6)
  10 adders
  A river rat (Sewer)
  A shadow imp (D:6)
  3 white imps
  4 ufetubi
  An ooze (D:4)
  3 worms
  2 dart slugs (D:1)
  2 leopard geckos
  53 orcs
  10 bats
  11 giant cockroaches
  11 goblins
  6 hobgoblins
  12 jackals
  4 quokkas
  5 frilled lizards
  A jackal zombie (D:5)
  12 kobolds
  A leopard gecko zombie (D:6)
  A quokka zombie (D:10)
  10 rats
  3 river rat simulacra (Lair:3)
556 creatures vanquished.

Vanquished Creatures (others)
  A centaur (D:7)
  An ogre (D:7)
  An orc wizard (D:7)
  An ufetubus (D:7)
  An orc (D:11)
  A bush (Lair:6)
  17 fungi
  87 plants
110 creatures vanquished.

Grand Total: 666 creatures vanquished

Notes
Turn   | Place    | Note
-------+----------+-------------------------------------------
     0 | D:1      | Amaterasu the Demonspawn Fighter began the quest for the
                  | Orb.
     0 | D:1      | Reached XP level 1. HP: 18/18 MP: 1/1
   158 | D:1      | Reached skill level 2 in Long Blades
   202 | D:1      | Gained mutation: When hurt, damage is shared between your
                  | health and your magic reserves. [demonic ancestry]
   202 | D:1      | Reached XP level 2. HP: 24/24 MP: 2/2
  1005 | D:2      | Gained mutation: You have a pair of small antennae on your
                  | head. [demonic ancestry]
  1005 | D:2      | Reached XP level 3. HP: 29/30 MP: 3/3
  1033 | D:2      | Found a faded altar of an unknown god.
  1047 | D:2      | Found a burning altar of Makhleb.
  1053 | D:2      | Reached skill level 3 in Long Blades
  1062 | D:2      | Became a worshipper of Makhleb the Destroyer
  1360 | D:2      | Gained mutation: You have a pair of antennae on your head.
                  | [demonic ancestry]
  1360 | D:2      | Reached XP level 4. HP: 37/37 MP: 4/4
  1364 | D:2      | Noticed Jessica
  1371 | D:2      | Killed Jessica
  2127 | D:3      | Gained mutation: You regenerate magic rapidly. [demonic
                  | ancestry]
  2127 | D:3      | Reached XP level 5. HP: 42/42 MP: 5/5
  2136 | D:3      | Reached * piety under Makhleb
  2137 | D:3      | Reached skill level 4 in Long Blades
  2329 | D:3      | Noticed Natasha
  2346 | D:3      | Killed Natasha
  2900 | D:4      | Gained mutation: When low on magic, you restore magic in
                  | place of health. [demonic ancestry]
  2900 | D:4      | Reached XP level 6. HP: 49/49 MP: 6/6
  2908 | D:4      | Reached ** piety under Makhleb
  2913 | D:4      | Reached skill level 5 in Long Blades
  2975 | D:4      | Reached skill level 5 in Fighting
  3046 | D:4      | Noticed Dowan
  3050 | D:4      | Noticed Duvessa
  3082 | D:4      | Killed Duvessa
  3125 | D:4      | Killed Dowan
  3126 | D:4      | Reached skill level 1 in Invocations
  3126 | D:4      | Gained mutation: You are partially covered in rugged brown
                  | scales. (AC +1, +3% HP) [demonic ancestry]
  3126 | D:4      | Reached XP level 7. HP: 11/57 MP: 7/7
  3440 | D:4      | Noticed Eustachio
  3482 | D:4      | Killed Eustachio
  3613 | D:4      | Reached skill level 1 in Dodging
  3913 | D:4      | Noticed Menkaure
  3927 | D:4      | HP: 4/85 [Menkaure (8)]
  3928 | D:4      | Killed Menkaure
  3929 | D:4      | Reached skill level 6 in Long Blades
  4601 | D:4      | Gained mutation: You are covered in fur. (AC +1) [potion of
                  | mutation]
  4601 | D:4      | Gained mutation: Your body sometimes deteriorates upon
                  | taking damage. [potion of mutation]
  4601 | D:4      | Gained mutation: You have very sharp teeth. [potion of
                  | mutation]
  4601 | D:4      | Gained mutation: You possess an exceptional clarity of
                  | mind. [potion of mutation]
  4602 | D:4      | Lost mutation: You have very sharp teeth. [potion of
                  | mutation]
  4602 | D:4      | Lost mutation: Your body sometimes deteriorates upon taking
                  | damage. [potion of mutation]
  4602 | D:4      | Gained mutation: You are dopey. (Int -2) [potion of
                  | mutation]
  4602 | D:4      | Gained mutation: You are resistant to electric shocks.
                  | (rElec) [potion of mutation]
  4602 | D:4      | Gained mutation: You are agile. (Dex +2) [potion of
                  | mutation]
  4602 | D:4      | Lost mutation: You are dopey. (Int -2) [potion of mutation]
  4666 | D:5      | Entered Level 5 of the Dungeon
  4684 | D:5      | Reached XP level 8. HP: 63/63 MP: 9/9
  4949 | D:5      | Found a glowing drain.
  5002 | Sewer    | Entered a sewer
  5124 | Sewer    | Found a white marble altar of Elyvilon.
  5269 | D:5      | Reached skill level 7 in Long Blades
  5278 | D:5      | Found an opulent altar of Gozag.
  5278 | D:5      | Found a sacrificial altar of Ru.
  5278 | D:5      | Noticed Blork the orc
  5279 | D:5      | Found a hide-covered altar of Uskayaw.
  5319 | D:5      | Noticed Grinder
  5332 | D:5      | Killed Grinder
  5674 | D:5      | Found a sparkling altar of Nemelex Xobeh.
  5704 | D:5      | Killed Blork the orc
  5705 | D:5      | Reached skill level 8 in Long Blades
  5888 | D:5      | Found a staircase to the Ecumenical Temple.
  6032 | D:6      | Noticed Pikel
  6084 | D:6      | Killed Pikel
  6085 | D:6      | Reached skill level 1 in Evocations
  6085 | D:6      | Reached XP level 9. HP: 45/70 MP: 6/11
  6108 | D:6      | Reached *** piety under Makhleb
  6305 | D:6      | Reached skill level 5 in Shields
  6754 | D:6      | Paralysed by an orc priest for 5 turns
  7276 | D:7      | Reached skill level 5 in Armour
  7761 | D:7      | Found a shimmering altar of Xom.
  8715 | D:8      | Found a staircase to the Lair.
  8808 | D:8      | Reached XP level 10. HP: 81/81 MP: 12/12
  8872 | D:8      | Noticed Grum
  8906 | D:8      | Noticed Prince Ribbit
  9182 | D:8      | Reached **** piety under Makhleb
  9193 | D:8      | Killed Grum
  9220 | D:8      | Killed Prince Ribbit
  9443 | D:8      | Found a bloodstained altar of Trog.
  9796 | D:9      | Found a burning altar of Makhleb.
  9873 | D:9      | Noticed Erica
  9917 | D:9      | Killed Erica
 10088 | D:9      | Reached skill level 9 in Long Blades
 10500 | D:9      | Reached skill level 5 in Invocations
 10571 | D:10     | Entered Level 10 of the Dungeon
 10752 | D:10     | Reached skill level 5 in Dodging
 10752 | D:10     | Reached XP level 11. HP: 60/88 MP: 8/14
 10989 | D:10     | Reached ***** piety under Makhleb
 11172 | D:10     | Reached skill level 10 in Long Blades
 11543 | Lair:1   | Entered Level 1 of the Lair of Beasts
 11787 | Lair:1   | Found a glowing golden altar of the Shining One.
 13030 | Lair:2   | Reached skill level 11 in Long Blades
 13813 | Lair:3   | Gained mutation: Your flesh is heat resistant. (rF+)
                  | [demonic ancestry]
 13813 | Lair:3   | Reached XP level 12. HP: 91/98 MP: 14/16
 14054 | Lair:3   | Found a staircase to the Swamp.
 15160 | Lair:4   | Noticed an eight-headed hydra
 15171 | Lair:4   | Killed a three-headed hydra
 15377 | Lair:4   | Noticed an eight-headed hydra
 15386 | Lair:4   | Killed a two-headed hydra
 15387 | Lair:4   | Reached skill level 12 in Long Blades
 15620 | Lair:4   | Noticed an ice dragon
 15658 | Lair:4   | Killed an ice dragon
 15928 | Lair:4   | Found a staircase to the Snake Pit.
 16019 | Lair:4   | Reached skill level 10 in Fighting
 16806 | Lair:5   | Noticed a five-headed hydra
 16821 | Lair:5   | Killed a one-headed hydra
 17167 | Lair:5   | Reached skill level 5 in Evocations
 17167 | Lair:5   | Reached XP level 13. HP: 106/106 MP: 15/17
 17522 | Lair:5   | Reached skill level 13 in Long Blades
 17564 | Lair:5   | Reached ****** piety under Makhleb
 17723 | Lair:5   | Found a staircase to the Slime Pits.
 18424 | Lair:6   | Entered Level 6 of the Lair of Beasts
 19619 | Lair:6   | Reached skill level 14 in Long Blades
 19628 | Lair:6   | Gained mutation: You are mostly covered in rugged brown
                  | scales. (AC +2, +5% HP) [demonic ancestry]
 19628 | Lair:6   | Reached XP level 14. HP: 88/116 MP: 15/18
 20741 | D:11     | Found a shadowy altar of Dithmenos.
 21568 | D:12     | Found a staircase to the Orcish Mines.
 22374 | D:13     | Demolished by a very large slime creature

Illustrated notes

Levels and vault maps discovered:
D:1:      ebering_hopf_link, layout_basic
D:2:      layout_basic, chequers_ecumenical_altar_island,
          makhleb_heckhound_becter, uniq_jessica
D:3:      layout_loops_ring, hangedman_feature_mirror,
          kennysheep_generic_room_13, uniq_natasha
D:4:      layout_loops_cross, minivault_1, uniq_menkaure, uniq_eustachio,
          uniq_duvessa
D:5:      layout_loops_ring, nicolae_overflow_quartered_altars, temple_hall,
          cheibrodos_sewer_entry_drain, uniq_grinder, uniq_blork_the_orc
D:6:      layout_layer_cave, uniq_pikel
D:7:      layout_gridville, xom_confusion_cloud
D:8:      layout_basic, lemuel_coloured_pillars_altar, lair_entry_dummy,
          uniq_prince_ribbit1, uniq_grum
D:9:      layout_small_grid, basic_altar, uniq_erica
D:10:     layout_roguey
D:11:     layout_small_grid, basic_altar, serial_bayou_lagoon_b
D:12:     layout_stronghold, erik_orc_4
D:13:     layout_roguey, erik_vaults_1, nicolae_trove_entry_free_sample,
          portal_ice_cave_entry_pillars_1, okawaru_ov_weapons_minmay
Lair:1:   layout_regular_city, basic_altar, serial_bayou_lagoon_a,
          cheibrodos_lair_lostbears, infiniplex_staircase_pool
Lair:2:   layout_chaotic_city, grunt_megastairs_1, infiniplex_staircase_pool_2
Lair:3:   layout_roguey [special_room_bee], skrybe_swamp_entry_bodies,
          eino_house_with_fridge
Lair:4:   layout_layer_cave, guppyfry_snake_entry_island, minivault_19,
          nicolae_lair_grove_arrangements, ice2_lemuel
Lair:5:   layout_hall_layers, slime_dummy, hibernation_bobbens,
          grunt_megastairs_2
Lair:6:   minmay_lair_end_frog_pond, layout_gridlike,
          chequers_serial_rivers_large_b, serial_bayou_shore_b,
          lemuel_fruit_tree

Skill      XL: |  1  2  3  4  5  6  7  8  9 10 11 12 13 14 |
---------------+-------------------------------------------+-----
Long Blades    | 2 3 4 5 6 8 9 11 12 14 | 14.1
Fighting       | 4 5 7 8 9 10 11 12 | 12.3
Armour         | 3 4 5 6 7 8 |  8.2
Shields        | 3 4 5 6 7 8 |  8.4
Invocations    | 1 2 3 5 6 |  6.5
Dodging        | 1 3 4 5 6 7 |  7.2
Evocations     | 1 3 5 6 |  6.2

Action                   |  1- 3 |  4- 6 |  7- 9 | 10-12 | 13-15 || total
-------------------------+-------+-------+-------+-------+-------++-------
Melee: Long sword        |   106 |   226 |   591 |   131 |       ||  1054
       Scimitar          |       |       |       |   689 |   753 ||  1442
Invok: Major Destruction |       |       |       |       |     9 ||     9
Evoke: Wand              |       |       |     1 |       |       ||     1
  Use: Scroll            |     6 |     7 |    10 |     6 |    13 ||    42
       Potion            |       |       |     6 |     3 |       ||     9
 Stab: Invisible         |       |       |    15 |       |       ||    15
Armor: Scale mail        |    90 |    19 |       |       |       ||   109
       Chain mail        |       |   134 |   331 |   332 |   221 ||  1018
       Skin              |       |       |    82 |       |       ||    82
Dodge: Dodged            |    34 |    41 |   168 |   302 |   361 ||   906
Block: Kite shield       |    51 |   172 |   439 |   530 |   480 ||  1672
       Rpst.: Long sword |    11 |    17 |    51 |    18 |       ||    97
       Scimitar          |       |       |       |    70 |    95 ||   165
